 Dungeon Crawl Stone Soup version 0.25.1-2-g60ff931df9 (webtiles) character file.

Game seed: 1861797920842173522

15493 DerDa the Geomancer (level 12, 0/69 HPs)
             Began as a Gargoyle Earth Elementalist on Sept 26, 2020.
             Was a High Priest of Vehumet.
             Slain by a white ugly thing (7 damage)
             ... on level 11 of the Dungeon.
             The game lasted 00:43:30 (13568 turns).

DerDa the Geomancer (Gargoyle Earth Elementalist)  Turns: 13568, Time: 00:43:31

Health: 0/69       AC: 14    Str: 11    XL:     12   Next: 27%
Magic:  6/24       EV: 14    Int: 25    God:    Vehumet [*****.]
Gold:   414        SH:  4    Dex: 10    Spells: 11/28 levels left

rFire    . . .     SeeInvis .   F - +3 war axe "Tegy" {vamp, Fragile rPois Int+3 Stlth+}
rCold    . . .     Gourm    .   o - +0 buckler
rNeg     + + .     Faith    +   J - +0 troll leather armour
rPois    ∞         Spirit   .   (no helmet)
rElec    +         Reflect  .   (no cloak)
rCorr    .         Harm     .   a - +0 pair of gloves
MR       +....                  G - +0 pair of boots
Stlth    +++.......             Q - amulet of faith
HPRegen  0.61/turn              y - ring of protection from magic
MPRegen  0.19/turn              c - ring of positive energy

@: no status effects
A: negative energy resistance 1, electricity resistance, unbreathing,
petrification resistance, rot immunity, AC +8
a: Renounce Religion


You were on level 11 of the Dungeon.
You worshipped Vehumet.
Vehumet was extremely pleased with you.
You were not hungry.

You visited 2 branches of the dungeon, and saw 12 of its levels.

You collected 684 gold pieces.
You spent 270 gold pieces at shops.

Inventory:

Hand Weapons
 h - a +3 scimitar of flaming
 D - the +9 whip of the Heart {freeze, +Fly rPois}
   (You took it off an orc wizard on level 4 of the Dungeon)

   It has been specially enchanted to freeze those struck by it, causing extra
   injury to most foes and up to half again as much damage against particularly
   susceptible opponents.
   It can also slow down cold-blooded creatures.
   It protects you from poison.
   It lets you fly.
 F - the +3 war axe "Tegy" (weapon) {vamp, Fragile rPois Int+3 Stlth+}
   (You took it off a centaur on level 9 of the Dungeon)

   It inflicts no extra harm, but heals its wielder when it wounds a living foe.
   It affects your intelligence (+3).
   It protects you from poison.
   It will be destroyed if unequipped.
   It makes you more stealthy.
 K - a +1 rapier of venom
 R - the +6 hand axe of the Boiling Point {vorpal, rElec rPois Str+2 Int+2 Stlth+}
   (You found it on level 7 of the Dungeon)

   It inflicts extra damage upon your enemies.
   It affects your strength (+2).
   It affects your intelligence (+2).
   It insulates you from electricity.
   It protects you from poison.
   It makes you more stealthy.
Missiles
 e - 69 bolts
 n - 63 poisoned darts
 x - 187 stones (quivered)
Armour
 a - a +0 pair of gloves (worn)
 o - a +0 buckler (worn)
 G - a +0 pair of boots (worn)
 J - a +0 troll leather armour (worn)
 O - a +1 cloak of poison resistance
 T - a +2 robe of cold resistance
Jewellery
 c - a ring of positive energy (right hand)
 g - an uncursed amulet of reflection
 m - an uncursed ring of fire
 y - a ring of protection from magic (left hand)
 Q - an amulet of faith (around neck)
 S - an uncursed ring of ice
Wands
 w - a wand of flame (28)
 B - a wand of acid (2)
 I - a wand of paralysis (10)
 M - a wand of disintegration (15)
Scrolls
 b - 3 scrolls of enchant armour {unknown}
 i - 9 scrolls of remove curse
 j - 3 scrolls of amnesia {unknown}
 k - 3 scrolls of noise {unknown}
 p - 3 scrolls of random uselessness {unknown}
 q - 10 scrolls of identify {unknown}
 r - 5 scrolls of teleportation
 u - 2 scrolls of fog
 E - 3 scrolls of immolation
 L - 2 scrolls of silence {unknown}
 N - 2 scrolls of fear
 P - 2 scrolls of enchant weapon
Potions
 f - a potion of mutation {unknown}
 l - 2 potions of heal wounds {unknown}
 s - 4 potions of flight {unknown}
 t - 6 potions of curing {unknown}
 v - a potion of haste {unknown}
 A - 2 potions of stabbing {unknown}
 C - 2 potions of brilliance {unknown}
 H - 2 potions of magic {unknown}
Comestibles
 d - 17 rations
 z - 2 chunks of flesh


   Skills:
 + Level 5.9 Fighting
 * Level 6.7 Dodging
 - Level 2.1 Stealth
 - Level 4.0 Shields
 * Level 8.9 Spellcasting
 * Level 9.6 Conjurations
 + Level 3.3 Transmutations
 * Level 11.5 Earth Magic
 + Level 3.2 Evocations


You had 11 spell levels left.
You knew the following spells:

 Your Spells              Type           Power        Failure   Level  Hunger
a - Sandblast             Erth           ######       1%          1    None
b - Petrify               Tmut/Erth      #####...     3%          4    ##.....
h - Lee's Rapid Deconstr  Erth           ######....   1%          5    ####...
q - Blink                 Tloc           N/A          11%         2    None
u - Stone Arrow           Conj/Erth      ######       1%          3    None
w - Passwall              Tmut/Erth      #####...     1%          2    None

Your spell library contained the following spells:

 Spells                   Type           Power        Failure   Level  Hunger
 Starburst                Conj/Fire      #####.....   36%         6    ######.
 Magic Dart               Conj           ####         1%          1    None
 Conjure Flame            Conj/Fire      #####...     1%          3    None
 Mephitic Cloud           Conj/Pois/Air  ####....     1%          3    None
 Pain                     Necr           ##..         8%          1    None
 Call Imp                 Summ           ##......     11%         2    None
 Slow                     Hex            ##......     11%         2    None


Dungeon Overview and Level Annotations

Branches:
Dungeon (11/15)            Temple (1/1) D:7            Lair (0/6) D:10
    Orc: D:9-12

Altars:
Ashenzari
Cheibriados
Dithmenos
Elyvilon
Fedhas
Gozag
Hepliaklqana
Kikubaaqudgha
Makhleb
Nemelex Xobeh
Okawaru
Qazlal
Ru
Sif Muna
Trog
Uskayaw
Vehumet
Wu Jian
Xom
Yredelemnul
Zin
The Shining One

Shops:
D:7 ?   D:8 [

Annotations:
D:5 2 transporters, Artemis's ghost, amateur MfIE
D:8 1 runed translucent door, grovkorv's ghost, novice DrHu


Innate Abilities, Weirdness & Mutations

You are resistant to torment.
Your stone body is resilient. (AC +8)
You are immune to poison.
You resist negative energy. (rN+)
You are resistant to electric shocks. (rElec)
You can survive without breathing.
You are immune to petrification.
You are immune to rotting.


Message History

The white ugly thing headbutts you but does no damage.
You closely miss the white ugly thing.
The white ugly thing is moderately wounded.
The white ugly thing misses you.
The white ugly thing closely misses you.
You barely miss the white ugly thing.
The white ugly thing is moderately wounded.
The white ugly thing headbutts you but does no damage.
Unknown command.
You barely miss the white ugly thing.
The white ugly thing is moderately wounded.
The white ugly thing headbutts you! The white ugly thing freezes you!!
The white ugly thing headbutts you but does no damage.
Unknown command.
You slash the white ugly thing!
The white ugly thing is heavily wounded.
The white ugly thing headbutts you! The white ugly thing freezes you!!
* * * LOW HITPOINT WARNING * * *
The white ugly thing headbutts you!
You die...

#...#
#...#
#...#
#...#
#÷..#
#...#
#...#
#...#
#..@#
#..u#
#.<[#
#..<#
#...#
#...#
#)..#
#...#
#...#


You could see a white ugly thing.

Vanquished Creatures
  Fannar (D:10)
  Erica (D:9)
  5 two-headed ogres
  Maurice (D:10)
  A komodo dragon (D:9)
  Grinder (D:3)
  2 trolls
  A hornet (D:11)
  2 hippogriffs
  A wyvern (D:9)
  A human (D:7)
  4 hogs (D:7)
  10 yaks (D:10)
  2 vampire mosquitoes (D:11)
  A basilisk (D:10)
  3 hungry ghosts
  2 water moccasins (D:9)
  Duvessa (D:6)
  4 porcupines (D:10)
  5 orc warriors
  A phantom (D:6)
  A sky beast (D:9)
  2 necrophages
  9 centaurs
  6 ogres
  A crocodile (D:10)
  A big kobold (D:10)
  4 bullfrogs
  A wyvern zombie (D:8)
  Dowan (D:6)
  A water moccasin zombie (D:8)
  8 scorpions
  A water moccasin skeleton (D:9)
  4 killer bees (D:11)
  3 wights
  3 howler monkeys
  6 crimson imps
  A bullfrog zombie (D:10)
  3 hounds
  2 jellies (D:7)
  2 centaur skeletons
  9 orc priests
  2 bullfrog skeletons
  17 orc wizards
  3 iguanas
  9 worker ants
  A worker ant zombie (D:5)
  13 gnolls
  18 adders
  4 shadow imps
  2 adder skeletons (D:8)
  An adder zombie (D:5)
  4 worms
  2 dart slugs
  A leopard gecko (D:2)
  46 orcs
  4 giant cockroaches
  7 hobgoblins
  14 jackals
  4 quokkas
  3 ball pythons
  3 bats
  2 frilled lizards
  5 goblins
  A jackal skeleton (D:4)
  8 kobolds
  7 rats
300 creatures vanquished.

Vanquished Creatures (others)
  A quokka (D:4)
  2 fungi (D:10)
3 creatures vanquished.

Grand Total: 303 creatures vanquished

Notes
Turn   | Place    | Note
-------+----------+-------------------------------------------
     0 | D:1      | DerDa the Gargoyle Earth Elementalist began the quest for
                  | the Orb.
     0 | D:1      | Reached XP level 1. HP: 10/10 MP: 3/3
   378 | D:1      | Reached XP level 2. HP: 15/15 MP: 3/5
   381 | D:1      | Reached skill level 4 in Earth Magic
   702 | D:1      | Reached XP level 3. HP: 19/19 MP: 3/6
   707 | D:1      | Learned a level 3 spell: Stone Arrow
   710 | D:1      | Learned a level 2 spell: Passwall
   804 | D:2      | Reached XP level 4. HP: 7/24 MP: 2/8
   957 | D:2      | Reached skill level 5 in Earth Magic
  1891 | D:3      | Noticed Grinder
  2094 | D:3      | Paralysed by Grinder for 6 turns
  2409 | D:3      | Reached XP level 5. HP: 28/28 MP: 6/10
  2412 | D:3      | Reached skill level 1 in Conjurations
  2762 | D:3      | Killed Grinder
  2762 | D:3      | Reached skill level 6 in Earth Magic
  2762 | D:3      | Reached XP level 6. HP: 27/32 MP: 3/12
  3351 | D:4      | Found a sacrificial altar of Ru.
  3377 | D:4      | Reached XP level 7. HP: 36/36 MP: 13/13
  4234 | D:4      | Found a white marble altar of Elyvilon.
  4469 | D:4      | Reached skill level 7 in Earth Magic
  4583 | D:4      | Identified the +9 whip of the Heart {freeze, +Fly rPois}
  4589 | D:4      | Reached skill level 5 in Spellcasting
  4721 | D:4      | Reached XP level 8. HP: 41/41 MP: 8/15
  4728 | D:4      | Learned a level 5 spell: Lee's Rapid Deconstruction
  4733 | D:4      | Learned a level 4 spell: Petrify
  4850 | D:5      | Entered Level 5 of the Dungeon
  5137 | D:5      | Reached skill level 1 in Shields
  5255 | D:4      | Reached skill level 1 in Fighting
  5607 | D:5      | Found a transporter.
  5615 | D:5      | Noticed Artemis's ghost (amateur MfIE)
  5641 | D:5      | Found a transporter.
  5688 | D:5      | Reached skill level 5 in Conjurations
  6195 | D:6      | Learned a level 2 spell: Blink
  6394 | D:6      | Noticed a troll
  6399 | D:6      | Killed a troll
  6399 | D:6      | Reached skill level 8 in Earth Magic
  6399 | D:6      | Reached XP level 9. HP: 48/48 MP: 4/17
  6420 | D:6      | Found a radiant altar of Vehumet.
  6435 | D:6      | Became a worshipper of Vehumet
  6677 | D:6      | Found a burning altar of Makhleb.
  6694 | D:6      | Noticed Duvessa
  6698 | D:6      | Killed Duvessa
  6700 | D:6      | Noticed Dowan
  6702 | D:6      | Killed Dowan
  6789 | D:6      | Found an ancient bone altar of Kikubaaqudgha.
  7611 | D:7      | Found Posox's Magic Scroll Shoppe.
  7618 | D:7      | Bought a scroll of remove curse for 36 gold pieces
  7618 | D:7      | Bought a scroll of teleportation for 36 gold pieces
  7618 | D:7      | Bought a scroll of immolation for 42 gold pieces
  7618 | D:7      | Bought a scroll of fear for 42 gold pieces
  7618 | D:7      | Bought a scroll of fog for 24 gold pieces
  7618 | D:7      | Bought a scroll of enchant weapon for 90 gold pieces
  7835 | D:7      | Reached * piety under Vehumet
  7835 | D:7      | Offered knowledge of Freeze by Vehumet.
  7932 | D:7      | Found a staircase to the Ecumenical Temple.
  7939 | Temple   | Entered the Ecumenical Temple
  8224 | D:7      | Got a crude hand axe
  8337 | D:7      | Reached skill level 9 in Earth Magic
  8349 | D:7      | Reached XP level 10. HP: 53/56 MP: 6/20
  8361 | D:7      | Identified the +6 hand axe of the Boiling Point {vorpal,
                  | rElec rPois Str+2 Int+2 Stlth+} (You found it on level 7 of
                  | the Dungeon)
  8937 | D:8      | Noticed a two-headed ogre
  9033 | D:8      | Found Dessoul's Armour Boutique.
  9354 | D:8      | Offered knowledge of Searing Ray by Vehumet.
  9358 | D:8      | Reached ** piety under Vehumet
  9473 | D:8      | Found a runed translucent door.
  9476 | D:8      | Noticed grovkorv's ghost (novice DrHu)
  9481 | D:8      | Found a glowing silver altar of Zin.
  9735 | D:8      | Reached skill level 1 in Transmutations
 10307 | D:9      | Found a shimmering blue altar of Sif Muna.
 10322 | D:9      | Identified Sif Muna's Grimoire of Unholy Rituals
 10383 | D:9      | Noticed Erica
 10390 | D:9      | Killed Erica
 10390 | D:9      | Reached skill level 5 in Dodging
 10390 | D:9      | Reached skill level 10 in Earth Magic
 10695 | D:9      | Reached skill level 1 in Evocations
 10725 | D:9      | Noticed a two-headed ogre
 10971 | D:9      | Killed a two-headed ogre
 10971 | D:9      | Reached XP level 11. HP: 62/62 MP: 3/22
 10974 | D:9      | Offered knowledge of Inner Flame by Vehumet.
 11089 | D:9      | Killed a two-headed ogre
 11363 | D:9      | Identified the +3 war axe "Tegy" {vamp, Fragile rPois Int+3
                  | Stlth+}
 11511 | D:9      | Reached *** piety under Vehumet
 11920 | D:10     | Entered Level 10 of the Dungeon
 11949 | D:10     | Offered knowledge of Ignite Poison by Vehumet.
 12067 | D:10     | Reached skill level 5 in Fighting
 12282 | D:10     | Noticed Maurice
 12288 | D:10     | Killed Maurice
 12288 | D:10     | Reached **** piety under Vehumet
 12376 | D:10     | Noticed Fannar
 12381 | D:10     | Offered knowledge of Lightning Bolt by Vehumet.
 12388 | D:10     | Killed Fannar
 12388 | D:10     | Reached skill level 11 in Earth Magic
 12502 | D:10     | Noticed a two-headed ogre
 12504 | D:10     | Killed a two-headed ogre
 12582 | D:10     | Noticed a two-headed ogre
 12585 | D:10     | Killed a two-headed ogre
 12587 | D:10     | Noticed a two-headed ogre
 12594 | D:10     | Killed a two-headed ogre
 12594 | D:10     | Reached XP level 12. HP: 68/68 MP: 7/24
 13039 | D:10     | Found a staircase to the Lair.
 13434 | D:11     | Reached ***** piety under Vehumet
 13437 | D:11     | Offered knowledge of Starburst by Vehumet.
 13568 | D:11     | Slain by a white ugly thing

Illustrated notes

Levels and vault maps discovered:
D:1:      erik_arrival_blinker_ship, layout_basic, minmay_tiny_reverse_x
D:2:      layout_loops_ring, first_ration
D:3:      layout_basic, uniq_grinder
D:4:      layout_basic, nicolae_ru_awakened_eye, elyvilon_altar_4
D:5:      layout_rooms, gammafunk_ghost_stat_death
D:6:      layout_loops_ring, vehumet_altar_wand_db, bloody_makhleb,
          kennysheep_mini_moat, hangedman_glass_teeth, uniq_duvessa
D:7:      layout_loops_ring, minmay_temple_entry_overgrown, serial_shops, shop,
          grunt_livestock
D:8:      layout_layer_cave, lemuel_crystal_altar, serial_shops,
          nicolae_shop_waterfront, ebering_ghost_reflecting_pool
D:9:      layout_cave_pods, led_sif_book, uniq_erica
D:10:     layout_loops_ring, minmay_lair_entry_grove, uniq_maurice, uniq_fannar
D:11:     layout_cross
Temple:   eino_temple_rhombus

Skill      XL: |  1  2  3  4  5  6  7  8  9 10 11 |
---------------+----------------------------------+-----
Earth Magic    | 4 5 6 7 8 9 10 11 | 11.5
Spellcasting   | 3 4 5 6 7 8 |  8.9
Conjurations   | 2 3 4 5 6 8 9 |  9.6
Shields        | 3 4 |  4.0
Fighting       | 2 3 4 5 |  5.9
Dodging        | 2 4 5 6 |  6.7
Transmutations | 2 3 |  3.3
Evocations     | 1 3 |  3.2
Stealth        | |  2.1

Action                   |  1- 3 |  4- 6 |  7- 9 | 10-12 || total
-------------------------+-------+-------+-------+-------++-------
Melee: Whip              |    17 |    95 |    95 |     4 ||   211
       Unarmed           |     2 |       |       |       ||     2
       Mace              |       |    46 |    17 |       ||    63
       Rapier            |       |       |    15 |     5 ||    20
       Hand axe          |       |       |       |    51 ||    51
       War axe           |       |       |       |   156 ||   156
 Cast: Sandblast         |    22 |    24 |    24 |    17 ||    87
       Stone Arrow       |       |     3 |   108 |   105 ||   216
       Lee's Rapid Decon |       |       |     1 |    44 ||    45
       Petrify           |       |       |       |     5 ||     5
 Abil: Evoke Flight      |       |       |       |     1 ||     1
Evoke: Wand              |       |       |       |     3 ||     3
  Use: Scroll            |       |       |       |     1 ||     1
 Stab: Sleeping          |       |     5 |     1 |     3 ||     9
  Eat: Chunk             |       |     8 |    21 |    29 ||    58
Armor: Robe              |    10 |    52 |    45 |       ||   107
       Troll leather arm |       |       |    23 |   120 ||   143
Dodge: Dodged            |    22 |    94 |   112 |   246 ||   474
Block: Other             |       |    36 |    28 |       ||    64
       Reflection        |       |       |     2 |       ||     2
       Buckler           |       |       |       |    84 ||    84
